 Dungeon Crawl Stone Soup version 0.32-a0-599-gba8f9cf90e (webtiles) character file.

Game seed: 10452095530326443496

676 CrazyBamboolord the Grave Robber (level 7, -4/60 HPs)
             Began as a Mountain Dwarf Necromancer on Mar 3, 2024.
             Slain by Duvessa
             ... wielding a +0 rapier
              (5 damage)
             ... on level 4 of the Dungeon.
             The game lasted 00:11:18 (4821 turns).

CrazyBamboolord the Grave Robber (MDNe)             Turns: 4821, Time: 00:11:22

Health: -4/60      AC: 12    Str: 11    XL:     7   Next: 33%
Magic:  3/11       EV:  9    Int: 17    God:
Gold:   117        SH:  0    Dex: 10    Spells: 8/12 levels left

rFire   . . .        t - +0 battleaxe
rCold   . . .        (shield currently unavailable)
rNeg    . . .        o - +0 scale mail
rPois   .            a - +2 hat
rElec   .            u - +0 cloak
rCorr   +            d - +0 pair of gloves
SInv    .            n - +0 pair of boots
Will    .....        (no amulet) Stlth
                     z - ring of resist corrosion
HPRegen 0.30/turn    (no ring)
MPRegen 0.12/turn

%: no passive effects
@: about to teleport, very slightly contaminated
A: runic magic, artefact enchanting
a: no special abilities


You were on level 4 of the Dungeon.
You visited 1 branch of the dungeon, and saw 4 of its levels.
You also visited: Sewer.

You collected 117 gold pieces.

Inventory:

Hand Weapons
 t - a +0 battleaxe (weapon)
Armour
 a - a +2 hat (worn)
 d - a +0 pair of gloves (worn)
 m - a +0 helmet
 n - a +0 pair of boots (worn)
 o - a +0 scale mail (worn)
 u - a +0 cloak (worn)
Jewellery
 z - a ring of resist corrosion (left hand)
 C - a ring of wizardry
Scrolls
 c - a scroll of enchant armour
 f - a scroll of amnesia {unknown}
 g - 2 scrolls of poison {unknown}
 h - a scroll of noise {unknown}
 i - a scroll of fear {unknown}
 l - a scroll of vulnerability {unknown}
 p - 2 scrolls of revelation
 q - a scroll of enchant weapon {unknown}
 r - 2 scrolls of teleportation
 v - 2 scrolls of immolation {unknown}
 y - a scroll of blinking
 A - a scroll of torment {unknown}
 B - 2 scrolls of identify
 D - a scroll of fog {unknown}
Potions
 b - a potion of magic
 e - a potion of curing
 j - 2 potions of attraction {unknown}
 k - a potion of mutation {unknown}
 s - 3 potions of brilliance
 w - a potion of heal wounds {unknown}
 x - 2 potions of cancellation {unknown}


   Skills:
 * Level 4.3 Fighting
 * Level 3.7 Axes
 * Level 4.4 Armour
 - Level 1.3 Dodging
 - Level 1.4 Stealth
 + Level 3.0 Spellcasting
 + Level 5.4 Necromancy


You had 8 spell levels left.
You knew the following spells:

 Your Spells              Type           Power      Damage    Failure   Level
a - Necrotise             Necr           80%        1d8       3%          1
b - Vampiric Draining     Necr           20%        2d7       9%          3

Your spell library contained the following spells:

 Spells                   Type           Power      Damage    Failure   Level
 Apportation              Tloc           4%         N/A       26%         1
 Freeze                   Ice            8%         1d3       26%         1
 Animate Dead             Necr           20%        N/A       28%         4
 Jinxbite                 Hex            4%         N/A       36%         2
 Frozen Ramparts          Ice            4%         1d1       61%         3
 Hailstorm                Conj/Ice       2%         3d5       61%         3
 Curse of Agony           Necr           20%        N/A       63%         5
 Alistair's Intoxication  Alch           1%         N/A       100%        5


Dungeon Overview and Level Annotations

Branches:
Dungeon (4/15)              Sewer (visited)
 Temple: D:4-7

Altars:
Ru

Annotations:
D:4 Dowan, Duvessa, Eustachio, Robin


Innate Abilities, Weirdness & Mutations

Your spellcasting is much less encumbered by armour.
You can use scrolls of enchantment on lesser artefacts.


Message History

The goblin hits you with a +0 club.
Eustachio casts a spell.
The goblin hits you but does no damage.
Eustachio casts a spell.
Eustachio blinks!
A hobgoblin comes into view.
Duvessa hits you with a +0 rapier. The goblin hits you but does no damage.
The river rat twitches its whiskers.
Casting: Necrotise (safe; 3% risk of failure)
Confirm with . or Enter, or press ? or * to list all spells.
Aiming: Vampiric Draining (dangerous; 9% risk of failure)
Press: ? - help, Shift-Dir - straight line, f - Duvessa
Aim: Duvessa, wielding a +0 rapier and wearing a +0 ring mail (heavily wounded)
You draw life force from Duvessa!
You feel life coursing into your body.
The crimson imp disappears in a puff of smoke!
The goblin hits you but does no damage.
You are electrocuted!
The goblin hits you but does no damage. Duvessa hits you but does no damage.
Casting: Vampiric Draining (dangerous; 9% risk of failure)
Confirm with . or Enter, or press ? or * to list all spells.
Aiming: Vampiric Draining (dangerous; 9% risk of failure)
Press: ? - help, Shift-Dir - straight line, f/p - Duvessa
Aim: Duvessa, wielding a +0 rapier and wearing a +0 ring mail (severely wounded)
You miscast Vampiric Draining.
You are very lightly contaminated with residual magic.
Nothing appears to happen.
The goblin hits you but does no damage.
You are electrocuted!
* * * LOW HITPOINT WARNING * * *
The goblin hits you but does no damage.
Eustachio casts a spell.
Eustachio blinks!
Duvessa barely misses you.
Dowan gestures wildly while chanting.
Dowan blinks!
As you read the scroll of teleportation, it crumbles to dust.
You feel strangely unstable. The goblin barely misses you.
The goblin hits you with a +0 dagger of electrocution.
* * * LOW HITPOINT WARNING * * *
You are electrocuted!
* * * LOW HITPOINT WARNING * * *
Duvessa hits you with a +0 rapier.
You die...

#....#..##................#
###.##...................##
## ##..................##
#.........#..##...#..#
#....#....#...>...#... .
##..##....# #.........
...#.##.....###.#.......
...rg###g....[......##..
..5rggg@............##..
....gg#e........).......
#.5gg ####.............#
..g5 #..........#### g..
..........## e. ........#.#
# ....#...### #..###### ...


You could see Duvessa, Dowan, Robin, a quasit (summoned), a crimson imp
(summoned), 2 river rats, a shadow imp (summoned), 4 hobgoblins and 6 goblins.

Vanquished Creatures
  Edmund (D:4)
  An ice beast (D:4)
  3 kobold brigands (Sewer)
  A bombardier beetle (D:2)
  2 orc wizards
  6 adders
  2 dart slugs
  A ribbon worm (D:2)
  8 orcs
  11 ball pythons
  9 endoplasms
  8 giant cockroaches
  7 hobgoblins
  3 jackals (D:3)
  9 quokkas
  6 bats
  4 frilled lizards
  9 goblins
  14 kobolds
  4 rats
109 creatures vanquished.

Vanquished Creatures (collateral kills)
  2 orcs
  A hobgoblin (D:2)
  2 quokkas
  A kobold (D:4)
6 creatures vanquished.

Grand Total: 115 creatures vanquished

Notes
Turn   | Place    | Note
-------+----------+-------------------------------------------
     0 | D:1      | CrazyBamboolord the Mountain Dwarf Necromancer began the
                  | quest for the Orb.
     0 | D:1      | Reached XP level 1. HP: 14/14 MP: 3/3
   212 | D:1      | Reached skill level 1 in Fighting
   212 | D:1      | Reached skill level 1 in Armour
   212 | D:1      | Reached XP level 2. HP: 23/23 MP: 1/4
   977 | D:1      | Reached XP level 3. HP: 28/28 MP: 2/6
  1640 | D:2      | Reached XP level 4. HP: 36/36 MP: 0/7
  2133 | D:2      | Learned a level 3 spell: Vampiric Draining
  2494 | D:3      | Found a glowing drain.
  2516 | Sewer    | Entered a sewer
  2837 | Sewer    | Noticed a kobold brigand
  2837 | Sewer    | Noticed a kobold brigand
  2849 | Sewer    | Killed a kobold brigand
  2850 | Sewer    | Reached skill level 1 in Axes
  2850 | Sewer    | Reached XP level 5. HP: 21/45 MP: 4/8
  2853 | Sewer    | Reached skill level 5 in Necromancy
  2982 | Sewer    | Reached XP level 6. HP: 42/51 MP: 0/9
  3481 | D:3      | Found a sacrificial altar of Ru.
  4113 | D:4      | Noticed an ice beast
  4127 | D:4      | Killed an ice beast
  4149 | D:4      | Reached XP level 7. HP: 18/59 MP: 0/11
  4302 | D:4      | Noticed Edmund
  4313 | D:4      | Killed Edmund
  4808 | D:4      | Noticed Eustachio
  4809 | D:4      | Noticed Duvessa
  4809 | D:4      | Noticed Dowan
  4816 | D:4      | Noticed Robin
  4821 | D:4      | HP: 1/60 [goblin/+0 dagger of electrocution[Robin] (15)]
  4821 | D:4      | Slain by Duvessa

Illustrated notes

Levels and vault maps discovered:
D:1:      roadster_arrival_rocket_small, layout_basic,
          nicolae_concentric_dashed_squares_wild, minmay_misc_feat_chi,
          minmay_strange_pillars, minmay_cupped
D:2:      layout_basic, minmay_splitting_lines
D:3:      layout_basic, lemuel_crystal_altar, gup_sewer_entry_pipe,
          kennysheep_path_1, minmay_misc_feat_nine_boxes
D:4:      layout_cave_pools, corner_web_ring, uniq_duvessa, uniq_edmund,
          uniq_eustachio, uniq_robin

Skill      XL: |  1  2  3  4  5  6  7 |
---------------+----------------------+-----
Fighting       | 1 2 3 4 |  4.3
Armour         | 1 2 3 4 |  4.4
Spellcasting   | 2 3 |  3.0
Axes           | 1 2 3 |  3.7
Necromancy     | 5 |  5.4
Dodging        | |  1.3
Stealth        | |  1.4

Action                     |  1- 3 |  4- 6 |  7- 9 || total
---------------------------+-------+-------+-------++-------
  Melee: Dagger            |    28 |     1 |       ||    29
         Battleaxe         |       |   118 |     9 ||   127
   Cast: Necrotise         |    60 |    92 |    25 ||   177
         Vampiric Draining |       |     7 |     4 ||    11
    Use: Scroll            |       |     6 |     1 ||     7
         Potion            |       |     4 |       ||     4
 Armour: Leather armour    |    22 |       |       ||    22
         Scale mail        |     1 |   170 |    29 ||   200
  Dodge: Dodged            |    34 |    91 |     8 ||   133

Table legend: (Time is in decaauts)
 A = Elapsed time spent in this place.
 B = Non-inter-level travel time spent in this place.
 C = Inter-level travel time spent in this place.
 D = Time resting spent in this place.
 E = Time spent auto-exploring this place.
 F = Levels seen in this place.
 G = Mean time per level.
                   A        B        C        D        E       F      G
               +--------+--------+--------+--------+--------+-----+--------+
         Total |   4964 |   4770 |    194 |    483 |   3121 |   5 |  992.8 |
       Dungeon |   4269 |   4075 |    194 |    274 |   3071 |   4 | 1067.2 |
         Sewer |    695 |    695 |      0 |    209 |     50 |   1 |  695.0 |
               +--------+--------+--------+--------+--------+-----+--------+

Top non-repeatable levels by time:
     D:1: 1380 daAuts
     D:2: 1078 daAuts
     D:3: 944 daAuts
     D:4: 865 daAuts
   Sewer: 695 daAuts
